 Dungeon Crawl Stone Soup version 0.25-a0-464-g3004169c2b (webtiles) character file.

Game seed: 1259398432520340904, levelgen mode: deterministic

18 Lugonue the Stinger (level 2, 0/25 HPs)
             Began as an Octopode Venom Mage on Feb 4, 2020.
             Slain by a jackal (3 damage)
             ... on level 1 of the Dungeon.
             The game lasted 00:01:41 (879 turns).

Lugonue the Stinger (Octopode Venom Mage)            Turns: 879, Time: 00:01:41

Health: 0/25       AC:  1    Str: 12    XL:     2   Next: 70%
Magic:  5/5        EV: 19    Int: 17    God:
Gold:   55         SH:  0    Dex: 17    Spells: 4/5 levels left

rFire    . . .     SeeInvis .   d - -2 mace (curse)
rCold    . . .     Gourm    .   (no shield)
rNeg     . . .     Faith    .   (helmet restricted)
rPois    .         Spirit   .   (no amulet)
rElec    .         Reflect  .   (no ring)
rCorr    .         Harm     .   (no ring)
MR       .....                  (no ring)
Stlth    ..........             (no ring)
HPRegen  0.08/turn              (no ring)
MPRegen  0.09/turn              (no ring)
                                (no ring)
                                (no ring)

@: agile, berserking, very quick
A: almost no armour, stealthy swim, amphibious, 8 rings, constrict 8, camouflage
1, gelatinous body 1
a: no special abilities


You were on level 1 of the Dungeon.
You were not hungry.

You visited 1 branch of the dungeon, and saw 1 of its levels.

You collected 55 gold pieces.

Inventory:

Hand Weapons
 d - a cursed -2 mace (weapon)
Comestibles
 b - a ration


   Skills:
 + Level 0.2 Maces & Flails
 + Level 2.2 Dodging
 + Level 2.7 Stealth
 + Level 0.2 Unarmed Combat
 + Level 2.2 Spellcasting
 + Level 1.2 Transmutations
 + Level 4.0 Poison Magic


You had 4 spell levels left.
You knew the following spells:

 Your Spells              Type           Power        Failure   Level  Hunger
a - Sting                 Tmut/Pois      ##..         6%          1    #......

Your spell library contained the following spells:

 Spells                   Type           Power        Failure   Level  Hunger
 Poisonous Vapours        Pois/Air       #.....       12%         2    ###....
 Ignite Poison            Fire/Tmut/Pois #.......     28%         3    ###....
 Mephitic Cloud           Conj/Pois/Air  #.......     32%         3    ###....
 Olgreb's Toxic Radiance  Pois           ###.....     34%         4    #####..


Dungeon Overview and Level Annotations

Branches:
Dungeon (1/15)

Altars:


Innate Abilities, Weirdness & Mutations

You cannot wear most types of armour.
You are very stealthy in the water. (Stealth+)
You are amphibious.
You can wear up to eight rings at the same time.
You can use your tentacles to constrict eight enemies at once.
Your skin changes colour to match your surroundings (Stealth+).
Your rubbery body absorbs attacks. (AC +1, EV +1)


Message History

* * * LOW HITPOINT WARNING * * *
You release your grip on the jackal.
The jackal bites you.
* * * LOW HITPOINT WARNING * * *
The jackal bites you.
* * * LOW HITPOINT WARNING * * *
Found 12 gold pieces.
It was a potion of agility.
You feel agile all of a sudden.
The jackal bites you but does no damage.
The hobgoblin closely misses you. The jackal closely misses you.
The jackal completely misses you.
A frilled lizard and a rat come into view.
The jackal bites you.
* * * LOW HITPOINT WARNING * * *
The jackal barely misses you.
It was a potion of berserk rage.
A red film seems to cover your vision as you go berserk!
You feel yourself moving faster!
You feel mighty! The jackal bites you.
You die...

..## .#.#.. #...
.....# #..# # ..
..# #..# #. .
.....# #..# .##.
## . ... #..#
..#.#.#...# #..#
####..# #.#.#
###..###.....#
#...#
....(.....l..###@#
#........####g.h##
##.........K..$##
#(.########.####
..## #.# .## #.#
.# #l# .# #r# .#
#.#


You could see a jackal, a hobgoblin and a kobold.

Vanquished Creatures
  2 dart slugs (D:1)
  A ball python (D:1)
  A giant cockroach (D:1)
  2 hobgoblins (D:1)
  A jackal (D:1)
  3 kobolds (D:1)
  3 bats (D:1)
  A rat (D:1)
14 creatures vanquished.

Notes
Turn   | Place    | Note
-------+----------+-------------------------------------------
     0 | D:1      | Lugonue the Octopode Venom Mage began the quest for the
                  | Orb.
     0 | D:1      | Reached XP level 1. HP: 11/11 MP: 3/3
   419 | D:1      | Reached XP level 2. HP: 13/17 MP: 5/5
   443 | D:1      | Reached skill level 4 in Poison Magic
   879 | D:1      | Slain by a jackal

Levels and vault maps discovered:
D:1:      eino_arrival_water_star, layout_loops_ring

Skill      XL: |  1  2 |
---------------+-------+-----
Poison Magic   | 4 |  4.0
Maces & Flails | |  0.2
Dodging        | |  2.2
Stealth        | |  2.7
Unarmed Combat | |  0.2
Spellcasting   | |  2.2
Transmutations | |  1.2

Action                   || total
-------------------------++-------
Melee: Unarmed           ||    27
       Constrict         ||    15
       Tentacles         ||     5
       Mace              ||     8
 Cast: Sting             ||    11
  Use: Potion            ||     2
       Scroll            ||     1
 Stab: Sleeping          ||     3
Armor: Skin              ||     8
Dodge: Dodged            ||    46

Table legend:
 A = Non-vault XP
 B = Vault XP
 C = Vault XP percentage of total XP
 D = Non-vault monster count
 E = Vault monster count
 F = Vault count percentage of total count
                 A         B        C        D         E       F
            +---------+---------+-------+---------+---------+-------
      Total |      27 |       0 |   0.0 |      14 |       0 |   0.0
            +---------+---------+-------+---------+---------+-------
        D:1 |      27 |       0 |   0.0 |      14 |       0 |   0.0
            +---------+---------+-------+---------+---------+-------
